Workbook
Name Print_Area: PLANILHA!$A$1:$H$604
Name Print_Titles: PLANILHA!$1:$5

Sheet PLANILHA
B1: SECRETARIA DE ESTADO DE EDUCAÇÃO - DIRETORIA DE INFRAESTRUTURA ESCOLAR E GESTÃO DA REDE FÍSICA - PLANILHA DE SERVIÇOS - SEM DESONERAÇÃO
A2: ESCOLA ESTADUAL / MUNICIPAL: ESCOLA MUNICIPAL BRENDA GUIMARÃES DE PAULA | C2: COD ESCOLA: | E2: 31368792 | F2: S.R.E.: MANHUAÇU
A3: MUNICÍPIO : LAJINHA - MG | C3: ISS | D3: 0.05 | E3: SERVIÇOS: | F3: CONSTRUÇÃO
A4: ITEM | B4: DESCRIÇÃO | C4: UN. | D4: ANALISADO | G4: =G600 -> 5207234.1 | H4: LOCAL DE INTERVENÇÃO
D5: QUANT. | E5: P. UNIT.(S/ BDI) | F5: P. UNIT.(C/ BDI) | G5: P. TOTAL (C/ BDI) | H5: MEMÓRIA DE CALCULO
A6: 010000 | B6: INSTALAÇÃO DOS SERVIÇOS DE ENGENHARIA
A7: 010001 | B7: Locação dos serviços de engenharia: execução de gabarito | C7: M² | D7: 1021.7 | E7: 9.54 | F7: =E7*(1+C$599) -> 11.890656 | G7: =D7*F7 -> 12148.683 | H7: 35,95 x 28,42 = 1.021,70 m2
B8: Será medido pela área de obra locada, aferida entre os eixos de fundação e acrescentando-se 0,50 m, a partir do eixo, para o lado externo (m²). O item remunera o fornecimento de pontaletes em Pinus ou Cedrinho de 3" x 3"; tábuas em Pinus de 1" x 12"; arame galvanizado; inclusive materiais acessórios e a mão-de-obra necessária para os serviços de locação completa em obras de edificação compreendendo: locação de estacas, eixos principais, paredes, etc.
A10: 010003 | B10: Fornecimento e colocação de placa dos serviços de engenharia em chapa galvanizada (3,00 X 1,50m) - Governo do Estado - (Ampliação e / ou Reforma acima de R$ 30.000,00) | C10: UN | D10: 1 | E10: 1419.25 | F10: =E10*(1+C$599) -> 1768.9532 | G10: =D10*F10 -> 1768.9532 | H10: Rente ao muro de divisa da escola
B11: Será medido por unidade de placa instalada (UN). O item remunera as placas de obras que deverão ser confeccionadas em chapa galvanizada 0,26. As chapas serão afixadas com rebites 540 e parafusos 3/8, em uma estrutura metálica com viga U 2” enrijecida e Metalon 20x20. O suporte para a instalação deverá ser em Eucalipto Autoclavado. As placas serão pintadas na frente e no verso com fundo anticorrosivo e tinta automotiva. FORMATO: 3,00 x 1,50m. O tamanho da placa é definido em função do local da sua instalação e/ou do valor dos serviços acima de R$ 30.000,00, obedecendo à proporção de 6,00 x 3,00m e o manual de identidade visual do Governo de Minas.
D13: SUB-TOTAL = | G13: =SUM(G7:G12) -> 13917.636
A14: 030000 | B14: TRABALHOS EM TERRA - BLOCO DE COROAMENTO E VIGA BALDRAME
A15: 030002 | B15: Escavação manual de vala em solo de 1ª e 2ª categoria, profundidade em até 2,00m | C15: M3 | D15: 113.91 | E15: 67.39 | F15: =E15*(1+C$599) -> 83.994896 | G15: =D15*F15 -> 9567.8586 | H15: Blocos: (1,0x1,0x0,7)x101 + (1,30x1,30x0,7)x8 = 70,7 + 9,46 = 80,16 m³ Vigas Baldrame: (0,16x28,42x0,30)+(0,16x3,8x0,3)x3+(0,16x26,92x0,3)+(0,16x8,85x0,3)x2+(0,16x2,1x0,3)+(0,16x25,27x0,3)x2+(0,16x1,05x0,3)+(0,16x1,5x0,3)x3+(0,16x4,55x0,3)+(0,16x10,8x0,3)x3+(0,16x11,17x0,3)+(0,16x9,22x0,3)x4+(0,16x5,55x0,3)+(0,16x5,3x0,3)+(0,16x12,55x0,3)+(0,16x7,3x0,3)x6+(0,16x4,15x0,3)+(0,16x1,6x0,3)+(0,16x5,9x0,3)x3+(0,16x3,2x0,3+(0,16x15,95x0,3)+(0,16x27,63x0,3)+(0,16x1,8x0,3)+(0,16x15,8x0,3)+(0,16x17,78x0,3)+(0,16x9,13x0,3)+(0,16x5,5x0,3)x2+(0,16x11,17x0,3)+(0,16x17,95x0,3) = 33,75 m³ TOTAL: 80,16 + 33,75 = 113,91 M³
B16: Será medido pelo volume escavado, considerando-se um acréscimo para cada lado, no plano horizontal, em relação às dimensões de cada peça, de 20 cm (m³). O item remunera o fornecimento da mão-de-obra necessária para a escavação manual em solo de 1ª e 2ª categorias em valas ou cavas até 2,00 m de profundidade.
A18: 030004 | B18: Regularização de fundo de vala com apiloamento com maço de 30kg | C18: M2 | D18: 114.52 | E18: 22.72 | F18: =E18*(1+C$599) -> 28.318208 | G18: =D18*F18 -> 3243.0012 | H18: Blocos: (1,0x1,0)x101 + (1,30x1,30)x8 = 101 + 13,52 = 114,52 m²
B19: Será medido pela área de fundo da vala (m²). O item remunera o fornecimento de equipamentos e mão-de-obra necessários para execução dos serviços de regularização do fundo de vala com maço de 30 kg.
A21: 030005 | B21: Reaterro manual de vala apiloado | C21: M3 | D21: 80.16 | E21: 67.39 | F21: =E21*(1+C$599) -> 83.994896 | G21: =D21*F21 -> 6733.0309 | H21: Blocos: (1,0x1,0x0,7)x101 + (1,30x1,30x0,7)x8 = 70,7 + 9,46 = 80,16 m³
B22: Será medido pelo volume de reaterro em valas, poços ou cavas executado (m³). O item remunera o fornecimento da mão-de-obra necessária para a execução dos serviços de reaterro manual apiloado, com material existente ou importado, sem controle de compactação.
A24: 030006 | B24: Reaterro Compactado mecanizado empregando compactador de placa vibratória, em camadas de 20 a 40 cm. | C24: M3 | D24: 13.5 | E24: 44.81 | F24: =E24*(1+C$599) -> 55.851184 | G24: =D24*F24 -> 753.99098 | H24: Vigas Baldrames: 33,75 - 20,25 = 13,5 m³
B25: Será medido pelo volume de reaterro em valas, poços ou cavas executado (m³). O item remunera o fornecimento da mão-de-obra, ferramentas e equipamentos necessários para a execução dos serviços de reaterro com compactador de placa, com material existente ou importado, sem controle de compactação.
D27: SUB-TOTAL = | G27: =SUM(G15:G26) -> 20297.882
A28: 040000 | B28: SONDAGEM, FUNDAÇÕES, MUROS E CONTENÇÕES
A29: 040001 | B29: Armadura de aço, CA 50, corte e dobra no canteiro | C29: KG | D29: 3999.49 | E29: 13.88 | F29: =E29*(1+C$599) -> 17.300032 | G29: =D29*F29 -> 69191.305 | H29: Blocos - Ø10: (0,8+(0,5x2)x20x0,617)x101 + (1,10+(0,5x2)x24x0,617)x8 = 2.243,41 + 248,77 = 2.492,01 KG Vigas Baldrame - Ø5: (0,20+0,50+0,1X190X0,154)+(0,20+0,50+0,10x26x0,154x2)+( 0,20+0,50+0,10x180x0,154)+(0,20+0,50+0,10x59x0,154x2)+ (0,20+0,50+0,10x14x0,154)+( 0,20+0,50+0,10x169x0,154x2)+( 0,20+0,50+0,10x7x0,154)+( 0,20+0,50+0,10x10x0,154x3)+( 0,20+0,50+0,10x31x0,154)+( 0,20+0,50+0,10x72x0,154x2)+(0,20+0,50+0,10x75x0,154x2)+( 0,20+0,50+0,10x62x0,154x4)+(0,20+0,50+0,10x72x0,154)+(0,20+0,50+0,10x37x0,154x3)+( 0,20+0,50+0,10x36x0,154)+ (0,20+0,50+0,10x84x0,154)+(0,20+0,50+0,10x49x0,154x4)+( 0,20+0,50+0,10x28x0,154)+(0,20+0,50+0,10x11x0,154)+( 0,20+0,50+0,10x40x0,154x3)+( 0,20+0,50+0,10x22x0,154)+(0,20+0,50+0,10x26x0,154)+( 0,20+0,50+0,10x107x0,154)+( 0,20+0,50+0,10x185x0,154)+(0,20+0,50+0,10x12x0,154)+(0,20+0,50+0,10x106x0,154)+( 0,20+0,50+0,10x119x0,154)+(0,20+0,50+0,10x61x0,154)+(0,20+0,50+0,10x120x0,154)+( 0,20+0,50+0,10x49x0,154x2) = 371,60 KG Vigas Baldrame - Ø10: (28,42+0,3-0,08x4x0,617)+ (3,8+0,3-0,08x4x0,617x3)+ (26,92+0,3-0,08x4x0,617)+ (8,85+0,3-0,08x4x0,617x2)+ (2,1+0,3-0,08x4x0,617)+ (25,27+0,3-0,08x4x0,617x2)+ (1,05+0,3-0,08x4x0,617)+ (1,5+0,3-0,08x4x0,617)+ (4,55+0,3-0,08x4x0,617)+ (10,8+0,3-0,08x4x0,617x3)+ (11,17+0,3-0,08x4x0,617)+ (9,22+0,3-0,08x4x0,617x4)+ (5,55+0,3-0,08x4x0,617)+ (5,3+0,3-0,08x4x0,617)+ (12,55+0,3-0,08x4x0,617)+ (7,3+0,3-0,08x4x0,617x6)+ (4,15+0,3-0,08x4x0,617)+ (1,5+0,3-0,08x4x0,617x2)+ (1,6+0,3-0,08x4x0,617)+ (5,9+0,3-0,08x4x0,617x3)+ (3,2+0,3-0,08x4x0,617)+ (15,95+0,3-0,08x4x0,617)+ (27,63+0,3-0,08x4x0,617)+ (1,8+0,3-0,08x4x0,617)+ (15,8+0,3-0,08x4x0,617)+ (17,78+0,3-0,08x4x0,617)+ (9,13+0,3-0,08x4x0,617)+ (5,5+0,3-0,08x4x0,617)+ (11,17+0,3-0,08x4x0,617)+ (17,95+0,3-0,08x4x0,617) = 1.135,88 KG TOTAL: 2.492,01 + 371,60 + 1.135,88 = 3.999,49 KG
B30: Será medido pelo peso nominal das bitolas constantes no projeto de armadura (kg). O item remunera o fornecimento de aço CA-50 ( A ou B ) com fyk igual 500 MPa, dobramento, transporte e colocação de armaduras de qualquer bitola e qualquer comprimento; estão incluídos no item os serviços e materiais secundários como arame, espaçadores, perdas decorrentes de desbitolamento, cortes e pontas de transpasse para emendas.
A32: 040002 | B32: Fôrma de madeira para fundação, com tábuas e sarrafos, 3 aproveitamentos e desforma | C32: M2 | D32: 511 | E32: 60.61 | F32: =E32*(1+C$599) -> 75.544304 | G32: =D32*F32 -> 38603.139 | H32: Blocos: (0,9x2+0,9x2)x0,6x101 + (1,2x2+1,2x2)x0,6x8 = 218,16 + 23,04 = 241,20 m² Vigas Baldrames: (28,42x2x0,3)+ (3,8x2x0,3x3)+ (26,92x2x0,3)+ (8,85x2x0,3x2)+ (2,1x2x0,3)+ (25,27x2x0,3x2)+ (1,05x2x0,3)+ (1,5x2x0,3x3)+ (4,55x2x0,3)+ (10,8x2x0,3x3)+ (11,17x2x0,3)+ (9,22x2x0,3x4)+ (5,55x2x0,3)+ (5,3x2x0,3)+ (12,55x2x0,3)+ (7,3x2x0,3x6)+ (4,15x2x0,3)+ (1,6x2x0,3)+ (5,9x2x0,3x3)+ (3,2x2x0,3)+ (15,95x2x0,3)+ (27,63x2x0,3)+ (1,8x2x0,3)+ (15,8x2x0,3)+ (17,78x2x0,3)+ (9,13x2x0,3)+ (5,5x2x0,3x2)+ (11,17x2x0,3)+ (17,95x2x0,3) = 269,80 m² TOTAL: 241,20 + 269,80 = 511,00 M²
B33: Será medido pelo desenvolvimento das áreas em contato com o concreto, não se descontando áreas de interseção até 0,20 m² (m²). O item remunera o fornecimento dos materiais e a mão-de-obra para execução e instalação da forma, incluindo escoras, gravatas, desmoldante e desforma.
A35: 040004 | B35: Concreto estrutural virado no local,controle "A", consistência para vibração, brita 1, FCK=20 MPA e lançamento em fundação | C35: M3 | D35: 76.25 | E35: 2147.9 | F35: =E35*(1+C$599) -> 2677.1426 | G35: =D35*F35 -> 204132.12 | H35: Blocos: (0,9x0,9x0,6)x101 + (1,2x1,2x0,6)x8 = 49,09 + 6,91 = 56,37 m³ Vigas Baldrames: (0,15x28,42x0,3)+ (0,15x3,8x0,3x3)+ (0,15x26,92x0,3)+ (0,15x8,85x0,3x2)+ (0,15x2,1x0,3)+ (0,15x25,27x0,3x2)+ (0,15x1,05x0,3)+ (0,15x1,5x0,3x3)+ (0,15x4,55x0,3)+ (0,15x10,8x0,3x3)+ (0,15x11,17x0,3)+ (0,15x9,22x0,3x4)+ (0,15x5,55x0,3)+ (0,15x5,3x0,3)+ (0,15x12,55x0,3)+ (0,15x7,3x0,3x6)+ (0,15x4,15x0,3)+ (0,15x1,6x0,3)+ (0,15x5,9x0,3x3)+ (0,15x3,2x0,3)+ (0,15x15,95x0,3)+ (0,15x27,63x0,3)+ (0,15x1,8x0,3)+ (0,15x15,8x0,3)+ (0,15x17,78x0,3)+ (0,15x9,13x0,3)+ (0,15x5,5x0,3x2)+ (0,15x11,17x0,3)+ (0,15x17,95x0,3) = 20,25 m³ TOTAL: 56,37 + 20,25 = 76,62 M³
B36: Será medido pelo volume calculado no projeto de formas, sendo que o volume da interseção dos diversos elementos estruturais deve ser computado uma só vez (m³). O item remunera o fornecimento de betoneira, pedra britada número 1, cimento, areia e a mão-de-obra necessária para o preparo do concreto, com resistência mínima à compressão de 20,0 MPa. Remunera também o transporte, lançamento e adensamento.
A38: 040005 | B38: Lastro de concreto (contra-piso) não estrutural impermeabilizado, E=6 cm | C38: M2 | D38: 11.4 | E38: 58.52 | F38: =E38*(1+C$599) -> 72.939328 | G38: =D38*F38 -> 831.50834 | H38: Blocos: (1,0x1,0)x101 + (1,30x1,30)x8 = 101 + 13,52 = 114,52x0,05 = 5,73 m³ Vigas Baldrames: (0,25x28,42x0,05)+ (0,25x3,8x0,05x3)+ (0,25x26,92x0,05)+ (0,25x8,85x0,05x2)+ (0,25x2,1x0,05)+ (0,25x25,27x0,05x2)+ (0,25x1,05x0,05)+ (0,25x1,5x0,05x3)+ (0,25x4,55x0,05)+ (0,25x10,8x0,05x3)+ (0,25x11,17x0,05)+ (0,25x9,22x0,05x4)+ (0,25x5,55x0,05)+ (0,25x5,3x0,05)+ (0,25x12,55x0,05)+ (0,25x7,3x0,05x6)+ (0,25x4,15x0,05)+ (0,25x1,6x0,05)+(0,25x5,9x0,05x3)+ (0,25x3,2x0,05)+ (0,25x15,95x0,05)+ (0,25x27,63x0,05)+ (0,25x1,8x0,05)+ (0,25x15,8x0,05)+ (0,25x17,78x0,05)+ (0,25x9,13x0,05)+ (0,25x5,5x0,05x2)+ (0,25x11,17x0,05)+ (0,25x17,95x0,05) = 5,67 m³ TOTAL: 5,73 + 5,67 = 11,40 M³
B39: Será medido pela área onde será executado, na espessura mínima de 6cm (m²). O item remunera o fornecimento de cimento, areia, pedra britada nº 1, 2, e a mão-de-obra necessária para o apiloamento do terreno e execução do lastro.
B41: CRAVAÇÃO DE ESTACA PRÉ-MOLDADA DE CONCRETO, DIMENSÃO (20X20)CM, COMPRESSÃO ADMISSÍVEL DE 50T, INCLUSIVE FORNECIMENTO DE ESTACA, EXCLUSIVE EMENDA. (SEINFRA - ED-29801) | C41: M | D41: 872 | E41: 164.85 | F41: =E41*(1+C$599) -> 205.46904 | G41: =D41*F41 -> 179169 | H41: no local demarcado para estacas - Fundação: 109 estacas - 8 m de comprimento = 109x8 = 872 m
B42: Será medido pelo comprimento, considerando-se a distância entre o respaldo inferior do bloco e a extremidade inferior de apoio da estaca (m). O item remunera o fornecimento dos materiais e a mão-de-obra para a perfuração.
B44: EMENDA DE ESTACA PRÉ-MOLDADA, INCLUSIVE ANEL/LUVA METÁLICO E SOLDA, EXCLUSIVE FORNECIMENTO DA ESTACA. (SEINFRA - ED- 49735) | C44: UNID. | D44: 109 | E44: 70.33 | F44: =E44*(1+C$599) -> 87.659312 | G44: =D44*F44 -> 9554.865 | H44: no local demarcado para estacas = 109 unidades, considerando estacas com 4,00 m de comprimento
B45: Será medido por unidade (unid). O item remunera o fornecimento de emenda de estaca pré-moldada, inclusive o anel/luva metálica e a solda. A emenda deverá ter o concreto da extremidade da estaca cortado no comprimento necessário à emenda das barras longitudinais da armadura, por justaposição; as superfícies de contato do concreto e a emenda da armação devem ser tratadas como uma emenda de concreto armado, com o emprego de adesivo e os demais cuidados necessários; deve ser assegurado o alinhamento entre as faces da estaca e da parte prolongada; a armadura da parte prolongada deve ser idêntica à da estaca, assim como o concreto a empregar; a concretagem, adensamento do concreto, remoção das fôrmas, cura e acabamento devem ser como especificado em norma.
A47: 040100 | B47: Muros.
A48: 040102 | B48: Muro divisório com bloco de concreto revestido 14x19x39cm, e=15cm, altura h=2,20m, assentado com argamassa mista de cimento, cal hidratada e areia sem peneirar traço 1:0,5:8, inclusive sapata de concreto armado, Fck = 20 Mpa, incluindo chapéu de muro | C48: M | D48: 115.25 | E48: 752.04 | F48: =E48*(1+C$599) -> 937.34266 | G48: =D48*F48 -> 108028.74 | H48: Muro divisório ao redor da escola, conforme mencionado em projeto arquitetônico = (34,95+12,82+3,50+3,0+3,50+(0,15x4)+4,0+22,53+3,85+22,80) = 115,25 m
B49: Será medido pelo comprimento executado, descontando-se todos os vãos (m). O item remunera o fornecimento de materiais e mão-de-obra necessários para a execução de sapata corrida com dimensão mínima de 40 x 20 cm com escavação manual de 50 x 55cm, apiolamento de fundo de vala, reaterro, forma de fundação e concreto armado com fck mínimo de 20MPA suas respectivas especificações, impermeabilização da sapata, alvenaria de vedação revestida, confeccionada em bloco vazado de concreto simples, assentada com argamassa de cimento, cal hidratada e areia, chapiscado e rebocado em ambos os lados, dimensões padronizadas de 14 x 19 x 39 cm, e resistência mínima à compressão de acordo com a NBR 6136. Remunera também a construção de pilares armados a cada 2,50m com fck mínimo de 20MPA com dimensões de 14 x 20 cm e o fornecimento e colocação de chapéu de muro.
A51: 040200 | B51: Impermeabilizações de fundações
A52: 040201 | B52: Impermeabilizações de sapatas em concreto ou alvenaria de embasamento com aplicação de tinta betuminosa | C52: M² | D52: 337.37 | E52: 14.38 | F52: =E52*(1+C$599) -> 17.923232 | G52: =D52*F52 -> 6046.7608 | H52: Vigas Baldrames: (0,3x2+0,15x28,42) + (0,3x2+0,15x3,8x3)+ (0,3x2+0,15x26,92)+ (0,3x2+0,15x8,85x2)+ (0,3x2+0,15x2,1)+ (0,3x2+0,15x25,27x2)+ (0,3x2+0,15x1,05)+ (0,3x2+0,15x1,5x3)+ (0,3x2+0,15x4,55)+ (0,3x2+0,15x10,8x3)+ (0,3x2+0,15x11,17x2)+ (0,3x2+0,15x9,22x4)+ (0,3x2+0,15x5,55)+ (0,3x2+0,15x5,3)+ (0,3x2+0,15x12,55)+ (0,3x2+0,15x7,3x6)+ (0,3x2+0,15x4,15)+ (0,3x2+0,15x1,6)+ (0,3x2+0,15x5,9x3)+ (0,3x2+0,15x3,2)+ (0,3x2+0,15x15,95)+ (0,3x2+0,15x27,63)+ (0,3x2+0,15x1,8)+ (0,3x2+0,15x15,8)+ (0,3x2+0,15x17,78)+ (0,3x2+0,15x9,13)+ (0,3x2+0,15x5,55x2)+ (0,3x2+0,15x17,95) = 337,37 m²
B53: Será medido por área de superfície com aplicação de imprimação, nas dimensões da sapata ou alvenaria de embasamento (baldrame) (m²). O item remunera o fornecimento de materiais e mão-de-obra necessários para a execução de pintura com tinta betuminosa em duas demãos em todo baldrame (laterais e parte superior). Remunera também a limpeza necessária para aplicação da tinta.
A55: 040300 | B55: Sondagem a percurssão
A56: 040301 | B56: Mobilização e desmobilização por equipamentos de sondagem a percussão d= 2 1/2" | C56: UN | D56: 1 | E56: 693.08 | F56: =E56*(1+C$599) -> 863.85491 | G56: =D56*F56 -> 863.85491 | H56: Mobilização
B57: Será medido por unidade de transporte e instalação de equipamento de sondagem (un). O item remunera o fornecimento e instalação de equipamentos necessários para execução de sondagem, a mobilização e desmobilização dos mesmos, independente da distância entre a empresa fornecedora e o local da sondagem. | H57: 1 mobilização para o Distrito Prata - Lajinha/MG
A59: 040302 | B59: Sondagem a percurssão d=2 1/2" (profundidade mínima para medição 30m) | C59: M | D59: 75 | E59: 72.5 | F59: =E59*(1+C$599) -> 90.364 | G59: =D59*F59 -> 6777.3 | H59: Mínmo de 5 furos de sondagem a serem executados no local de implantação da escola.
B60: Será medido pelo comprimento total dos furos de sondagem executados, sendo a quantidade mínima para medição 30 metros (m). O item remunera o fornecimento da mão-de-obra qualificada necessária para a execução de sondagem a percussão, remunera também as peças gráficas e relatórios pertinentes. | H60: 5x15 = 100 m
D62: SUB-TOTAL = | G62: =SUM(G29:G60) -> 623198.6
A63: 050000 | B63: SUPERESTRUTURA
A64: 050001 | B64: Armadura de aço p/ vigas, pilares e laje CA-50, corte e dobra no canteiro | C64: KG | D64: 25905.78 | E64: 13.88 | F64: =E64*(1+C$599) -> 17.300032 | G64: =D64*F64 -> 448170.82 | H64: Pilar Térreo Ø5: 461,81 + Pilar Térreo Ø10: 739,93 + Pilar Térreo Ø12.5: 1.983,64 +Pilar Térreo Ø16: 401,44 = 3.586,82 KG Vigas Térreo Ø5: 617,03 + Vigas Térreo Ø6.3: 95,64 + Vigas Térreo Ø10: 1.303,33 + Vigas Térreo Ø12.5: 906,4 + Vigas Térreo Ø16.0: 237,32 = 3.159,72 KG Pilares Nível 1 Ø5: 258,72 + Pilares Nível 1 Ø10: 362,88 + Pilares Nível 1 Ø12.5: 1.132,32 = 1.753,92 KG Vigas Nível 1 Ø5: 491,93 + Vigas Nível 1 Ø10: 1.040 + Vigas Nível 1 Ø12.5: 649,31 = 2.181,24 KG TOTAL: 3.586,82 + 3.159,72 + 1.753,92 + 2.181,24 = 10.681,70 KG
B65: Será medido pelo peso nominal das bitolas constantes no projeto de armadura (kg). O item remunera o fornecimento de aço CA-50 ( A ou B ) com fyk igual 500 MPa, dobramento, transporte e colocação de armaduras de qualquer bitola e qualquer comprimento; estão incluídos no item os serviços e materiais secundários como arame, espaçadores, perdas decorrentes de desbitolamento, cortes e pontas de traspasse para emendas.
A67: 050002 | B67: Fornecimento, transporte, execução de Fôrma de chapa compensada plastificada, e=12mm, 3 aproveitamentos, inclusive desforma para vigas, pilares e lajes maciças. | C67: M2 | D67: 2882.75 | E67: 78.02 | F67: =E67*(1+C$599) -> 97.244128 | G67: =D67*F67 -> 280330.51 | H67: Pilares – Térreo: 339,41 m² Vigas – Térreo: 501,72 m² Pilares – Nível 1: 249,48 m² Vigas – Nível 1: 366,15 m² TOTAL: 1.456,76 m²
B68: Será medido pelo desenvolvimento das áreas em contato do concreto, não se descontando áreas de interseção até 0,20 m² (m²). O item remunera o fornecimento de materiais e mão-de-obra para execução e instalação de formas em chapas compensadas plastificadas de 12 mm de espessura para concreto aparente; incluindo cimbramento até 3,00 m de altura; gravatas; sarrafos de enrijecimento em Pinus ou Cedrinho, desmoldante, desforma e descimbramento.
A70: 050007 | B70: Concreto estrutural virado no local, consistência para vibração, brita 1 e 2, FCK 25 MPA e lançamento em estrutura | C70: M3 | D70: 234.01 | E70: 3009.71 | F70: =E70*(1+C$599) -> 3751.3025 | G70: =D70*F70 -> 877842.31 | H70: Pilares – Térreo: 13,44 m³ Vigas – Térreo: 34,39 m³ Pilares – Nível 1: 19,68 m³ Vigas – Nível 1: 23,90 m³ TOTAL: 91,41 m³
B71: Será medido pelo volume calculado no projeto de formas, sendo que o volume da interseção dos diversos elementos estruturais deve ser computado uma só vez (m³). O item remunera o fornecimento de betoneira, pedra britada número 1 e 2, cimento, areia e a mão-de-obra necessária para o preparo do concreto, com resistência mínima à compressão de 25,0 MPa. Remunera também o transporte, lançamento e adensamento.
A73: 050009 | B73: Laje pré-fabricada treliçada para piso, intereixo 50 cm e=25cm (capeamento 5 cm e elemento cerâmico 20 cm) sobrecarga mínima 300 Kgf / m² | C73: M² | D73: 1531.56 | E73: 295.43 | F73: =E73*(1+C$599) -> 368.22395 | G73: =F73*D73 -> 563957.08 | H73: BLOCO A – NÍVEL 1: 640,51 m² BLOCO C – NÍVEL 1: 250,54 m² BLOCO B – NÍVEL 2: 640,51 m² TOTAL: 640,51 + 250,54 + 640,51 = 1.531,56 m²
B74: Será medido pela área delimitada pelos eixos das paredes e/ou vigas (m²). O item remunera o fornecimento de vigota pré-fabricada treliçada; lajota cerâmica; concreto com fck maior ou igual a 25MPa, para o capeamento; aço para armadura de distribuição; materiais acessórios e a mão-de-obra necessária para a execução dos serviços: a estocagem das vigotas e lajotas cerâmicas conforme exigências e recomendações do fabricante; o transporte interno à obra; o içamento das vigotas e das lajotas cerâmicas; a montagem completa das vigotas treliçadas e das lajotas cerâmicas; resultando laje para piso; a execução e instalação da armadura de distribuição posicionada na capa, para o controle da fissuração, o escoramento até 3,00 m de altura e a retirada do mesmo.
B76: ESCORAMENTO METÁLICO PARA LAJE E VIGA EM CONCRETO ARMADO, TIPO "A", ALTURA DE (200 ATÉ 310)CM, INCLUSIVE DESCARGA, MONTAGEM, DESMONTAGEM E CARGA. (SEINFRA - ED - 19633) | C76: M2xmês | D76: 169.94 | E76: 13.76 | F76: =E76*(1+C$599) -> 17.150464 | G76: =F76*D76 -> 2914.5499 | H76: (67,21x2 = 134,42) + (17,76x2 = 35,52) = 169,94 m²xmês
B77: Será medido: de acordo com o andamento das etapas que necessitam de escoramento, no caso as vigas. Será considerado que os elementos estruturais devem permanecer escorados o tempo de cura do concreto (28 dias). Sendo assim, será pago para cada 1,00 m2 de estrutura executada, 1,00 m2/mês de escoramento metálico, conforme anteprojeto estrutural.
A79: 050012 | B79: Vergas ou contravergas retas em concreto armado Fck 20 Mpa | C79: M³ | D79: 4.59 | E79: 2958.93 | F79: =E79*(1+C$599) -> 3688.0104 | G79: =D79*F79 -> 16927.968 | H79: (1,3 x 9 + 1,4 x 36 + 1,7 x 1 + 2,4 x 1 + 1,2 x 7 x 2+2 x 6 x 2+2,6 x 6 x 2+2,1x40x2) x 0,15 x 0,1 = 4,59 m3
B80: Será medido pelo volume real calculado no projeto de formas dos diversos elementos estruturais (m³). O item remunera o fornecimento de cimento, areia e pedra britada nº 2 para o concreto; aço CA-25 e arame cozido para armação; tábua de Pinus ou Cedrinho de 1" x 12" e acessórios para as formas e a mão-de-obra necessária para a execução das vergas ou contravergas.
B82: ESCADA EM CONCRETO ARMADO MOLDADO IN LOCO, FCK 25 MPA, COM 1 LANCE E LAJE PLANA, FÔRMA EM CHAPA DE MADEIRA COMPENSADA RESINADA. AF_11/2020. (SINAPI - 102073) | C82: M³ | D82: 1.63 | E82: 3487.65 | F82: =E82*(1+C599) -> 4347.007 | G82: =D82*F82 -> 7085.6213
B83: Será medido por volume de escada (m³). O item remunera o fornecimento e instalação da escada. As formas da escada deverão ser aprumadas e escoradas apropriadamente, utilizando-se madeira de qualidade, sem a presença de desvios dimensionais, fendas, arqueamento, encurvamento, perfuração por insetos ou podridão. Antes da concretagem, as formas deverão ser molhadas até a saturação. A concretagem deverá ser executada conforme os preceitos da norma pertinente. A cura deverá ser executada conforme norma pertinente para se evitar a fissuração da peça estrutural. Para a execução das vigas deverão ser tomadas as seguintes precauções: na execução das formas estas deverão estar limpas para a concretagem, e colocadas no local de forma que haja facilidade na sua remoção. Antes da concretagem, as formas deverão ser molhadas até a saturação. A concretagem deverá ser executada conforme os preceitos da norma pertinente. A cura deverá ser executada conforme norma para se evitar a fissuração da peça estrutural. O escoramento das lajes deverá ser executado com escoras de madeira de primeira qualidade ou com escoras metálicas, sendo as últimas mais adequadas. As formas deverão ser molhadas até a saturação, antes da concretagem. Após a concretagem a cura deverá ser executada para se evitar a retração do concreto e fissuração da superfície. A desforma deverá seguir os procedimentos indicados em norma. | H83: Escada de acesso do térreo ao nível 1 4,55x 1,20 x 0,10 x 2 + 0,165 x 0,30 / 2 x 18 x 1,20 = 1,63 m3
D85: SUB-TOTAL = | G85: =SUM(G64:G83) -> 2197228.9
A86: 060000 | B86: ALVENARIA
A87: 050100 | B87: Execução de:
A88: 060102 | B88: Alvenaria de vedação com tijolo cerâmico furado 14x19x39cm, espessura da parede 14cm, juntas de 10mm com argamassa mista de cimento cal hidratada e areia sem peneirar traço 1:2:8 | C88: M2 | D88: 1789.1 | E88: 63.9 | F88: =E88*(1+C$599) -> 79.64496 | G88: =D88*F88 -> 142492.8 | H88: BLOCO A: 34,03+8,85+6,40+1,95+3,95+8,85+10,80+23,53+5,60+3,65+3,65+10,50+3,70+4,80+3,70+1,50+5,15+8,83+5,0+3,85+11,03+3,70+3,0+5,20+10,80+5,40+3,80+5,25+3,30+17,95+11,02+9,22+9,07+10,87+5,10+4,55+3,0+11,15+2,90+5,60+5,60 = 302x3,0 = 906 m² + 1,35+1,45+3,57+0,90+2,75+1,35 = 11,37x2,0 = 22,74 m² + 3,0x1,0 = 3,0 m² = 931,74 m² / BLOCO B: 10,80+34,03+10,80+10,35+14,62+18,25+9,07+1,65+5,40+3,93+17,30+10,50+8,10+10,50+10,50+3,15+3,70+10,50+1,95+10,55+1,50+3,0+1,85+11,02+1,55+4,25 = 228,82x3,0 = 686,46 m² + 0,90+2,75+1,35+3,57+1,20 = 9,77x2,0 = 19,54 m² = 706,00 m² / BLOCO C: 7,30+26,92+17,92+5,0+12,30+8,55+12,55= 90,54x3,30 = 298,78 m² + 7,0+3,50+3,85+5,05+3,50 = 22,90x2,65 = 60,69 m² = 359,47 m² / TOTAL: 931,74 + 706,00 + 359,47 = 1.997,21 m² - Descontos (aberturas): 208,11 m² / TOTAL GERAL: 1.997,21 - 208,11 = 1.789,10 m²
B89: Será medido por área de superfície executada, descontando-se todos os vãos (m²). O item remunera o fornecimento de materiais e mão-de-obra necessários para a execução de alvenaria de vedação revestida, confeccionada em bloco vazado cerâmico simples, com superfície áspera para garantir a aderência do revestimento, assentada com argamassa de cimento, cal hidratada e areia; dimensões padronizadas de 140 x 190 x 390 mm, e resistência mínima à compressão de acordo com a NBR 15270-1.
B91: ALVENARIA DE ELEMENTO VAZADO, COBOGÓ DE CONCRETO (20X40CM), ESP. 10CM, TIPO VENEZIANA COM ACABAMENTO APARENTE, INCLUSIVE ARGAMASSA PARA ASSENTAMENTO. (SEINFRA - ED - 48208) | C91: M² | D91: 34.65 | E91: 96.62 | F91: =E91*(1+C$599) -> 120.42717 | G91: =D91*F91 -> 4172.8014 | H91: Térreo: 1,35x3,0 = 4,05 m² Nível 1: (4,80x1,50) + (2,70x1,50) + (3,0x1,50) + (2,10x1,50) + (3,60x1,50) + (4,20x1,50) = 30,60 m² TOTAL: 34,65 m²
B92: Será medido por área de superfície executada (m²). O item remunera o fornecimento de materiais e mão-de-obra necessários para a execução de alvenaria de elemento vazado, em concreto, assentado com argamassa de cimento, cal hidratada e areia; dimensões padronizadas de 20x40 cm com espessura de 10 cm, tipo veneziana e com acabamento aparente. Deverá ser primeira qualidade, bem curados, leves, sonoros, duros, com as faces planas, cor uniforme, conforme locais e dimensões indicadas no projeto arquitetônico. Deve-se começar a execução das paredes pelos cantos, se assentado os blocos em amarração. Durante toda a execução, o nível e o prumo de cada fiada devem ser verificados. Os blocos devem ser assentados com argamassa de cimento, areia e cal.
D93: SUB-TOTAL = | G93: =SUM(G88:G92) -> 146665.6
A94: 070000 | B94: COBERTURA E FORRO
A95: 070100 | B95: Fornecimento, transporte e colocação de telhas, tipo:
A96: 070103 | B96: Cerâmica tipo Plan, inclinação 35% (m²=área de projeção do telhado x 1,08) | C96: M² | D96: 1159.15 | E96: 96.68 | F96: =E96*(1+C$599) -> 120.50195 | G96: =D96*F96 -> 139679.84 | H96: TÉRREO (Laboratório, Auditório, Depósito, Palco, Camarim) : (27,93x8,31) + (4,50x11,81) = 232,10 + 53,15 = 285,25x1,08 = 308,06 m² PÁTIO COBERTO: 14,97x6,30 = 94,31 x1,08 = 101,86 m² NÍVEL 1: (10,65x12,10) + (26,28x19,25) + (5,40x1,80) + (12,10x4,07) = 128,87 + 505,89 + 9,72 + 49,25 = 693,73x1,08 = 749,23 m² TOTAL: 308,06 + 101,86 + 749,23 = 1.159,15 m²
B97: Será medido pela área de cobertura em projeção horizontal (m²) com os acréscimos: A) 5% para coberturas de 18% a 27% de inclinação; B) 8% para coberturas de 28% a 38% de inclinação; C) 12% para coberturas de 39% a 50% de inclinação. O item remunera o fornecimento das telhas, materiais, acessórios e a mão-de-obra necessária para a colocação, fixação e emboçamento das telhas.
A99: 070200 | B99: Fornecimento, transporte e colocação de cumeeira e espigão:
A100: 070201 | B100: Para telha cerâmica referência 3 unidades / m | C100: M | D100: 162.91 | E100: 33.11 | F100: =E100*(1+C$599) -> 41.268304 | G100: =D100*F100 -> 6723.0194 | H100: TÉRREO (Laboratório, Auditório, Depósito, Palco, Camarim) : (5,87+5,87+16,10+2,47+6,25) = 36,56 m NÍVEL 1: (8,35+8,35+10,50+8,35+5,05+7,33+13,40+13,40+1,23+1,65+12,16+12,16+3,80+3,92+8,35+8,35) = 126,35 m TOTAL: 36,56 + 126,35 = 162,91 m
B101: Será medido pelo comprimento executado (m). O item remunera o fornecimento das peças de cumeeiras e ou espigão, materiais acessórios e a mão-de-obra necessária para o assentamento e emboçamento das peças.
A103: 070400 | B103: Instalação de Calhas e rufos:
B104: Será medido por comprimento instalado (m). Os itens remuneram o fornecimento e instalação de calhas ou rufos em chapa galvanizada nº 24, com desenvolvimento descrito no item, inclusive materiais acessórios para emendas, junção em outras peças, vedação e fixação.
A106: 070403 | B106: Calha de chapa galvanizada, nº 24 desenvolvimento 60 cm | C106: M | D106: 207.18 | E106: 93.63 | F106: =E106*(1+C$599) -> 116.70043 | G106: =D106*F106 -> 24177.996 | H106: 160,21+32+14,97 = 207,18 m
A108: 070500 | B108: Condutor de água pluvial e buzinotes:
B109: Será medido por comprimento instalado (m). O item remunera o fornecimento de materiais e mão de obra para instalação de tubo na cor branca (condutores) verticais e executadas com PVC reforçado com as juntas com bolsa e anel de borracha, inclusive materiais acessórios para emendas, suportes, junção em outras peças, vedação e fixação.
A111: 070502 | B111: Condutor de água (tubo de PVC branco, com conexões, ponta bolsa e virola, diâmetro da seção 100mm) | C111: M | D111: 154 | E111: 100.03 | F111: =E111*(1+C$599) -> 124.67739 | G111: =D111*F111 -> 19200.318 | H111: Na saida das calhas do telhado: 22x7 = 154 m
A113: 070600 | B113: Fornecimento, transporte e execução de engradamento:
B114: Será medido pela área de projeção horizontal da cobertura (m²). O item remunera o fornecimento de: madeira seca maciça, referência Cupiúba, Paraju ou outra madeira classificada conforme a resistência à compressão paralela às fibras de acordo com a NBR 7190 / 97 e a Legislação Brasileira vigente, livre de esmagamentos, isenta de defeitos como nós, fendas ou rachaduras, arqueamento, sinais de deterioração por insetos ou fungos, desbitolamento, ou qualquer outro defeito que comprometa a resistência da madeira; ferragem específica para estrutura abrangendo chapas, estribos, braçadeiras, chumbadores, pregos, parafusos e porcas em aço com acabamento galvanizado a fogo; materiais acessórios, conforme determinações do projeto; equipamentos e a mão-de-obra necessária para a confecção e montagem de estrutura completa em tesouras com vãos conforme abaixo, para cobertura em telhas cerâmicas ou de concreto, constituída por: armação principal em treliças paralelas ( tesouras ) e trama com com terças, caibros e ripas, nas dimensões conforme projeto e determinações da NBR 7190 / 97.
A116: 070610 | B116: Fornecimento, fabricação, transporte e montagem de estrutura metálica para telhado sobre laje para telhas cerâmicas, inclusive tratamento anti-corrosivo com aplicação de zarcão em duas demãos e pintura esmalte em duas demãos. | C116: M2 | D116: 1119.33 | E116: 383.79 | F116: =E116*(1+C$599) -> 478.35586 | G116: =D116*F116 -> 535438.06 | H116: 727,13 + 297,40 + 94,80 = 1.119,33 m²
B117: Será medido pela projeção horizontal da cobertura (m²). O item remunera o fornecimento de estrutura metálica em aço ASTM-A36, incluindo chapas de ligação, soldas, parafusos galvanizados, chumbadores, perdas e acessórios, beneficiamento e pré-montagem de partes da estrutura em fábrica ou canteiro, transporte e descarregamento, traslado interno à obra, montagem e instalação completa, remunera também o preparo da superfície das peças por meio utilização de Zarcão e a execução de serviços como limpeza da superfície, lixamento final, remoção do pó e a aplicação em duas demãos de esmalte.
D119: SUB-TOTAL = | G119: =SUM(G96:G118) -> 725219.23
A120: 080000 | B120: INSTALAÇÕES HIDRÁULICAS
A121: 080100 | B121: Fonecimento e instalação de:
A122: 080101 | B122: Torneira de pressão para uso geral, amarela, p/ jardim | C122: UN | D122: 3 | E122: 45 | F122: =E122*(1+C$599) -> 56.088 | G122: =D122*F122 -> 168.264 | H122: Instalação Hidraúlica
B123: Será medido por unidade de torneira instalada (un). O item remunera o fornecimento e instalação de torneira curta com rosca, para uso geral, em latão fundido sem acabamento de 1/2" ou 3/4"; inclusive materiais acessórios necessários à instalação e ligação à rede de água. | H123: 1 unidade localizada no jardim do mastro das bandeiras / 1 unidade na circulação próximo ao banheiro feminino / 1 unidade na circulação próximo a horta
A125: 080102 | B125: Torneira de pressão metálica com arejador, cromada, para uso em tanques. | C125: UN | D125: 5 | E125: 76.82 | F125: =E125*(1+C$599) -> 95.748448 | G125: =D125*F125 -> 478.74224 | H125: Instalação Hidraúlica
B126: Será medido por unidade de torneira instalada (un). O item remunera o fornecimento e instalação de torneira curta com rosca, para uso geral, em latão fundido cromado de 1/2" ou 3/4"; inclusive materiais acessórios necessários à instalação e ligação à rede de água. | H126: 5 unidades para os tanques localizados na área de serviço
A128: 080103 | B128: Torneira de pressão metálica para pia de cozinha e laboratórios, bica móvel, de mesa / parede | C128: UN | D128: 1 | E128: 125.56 | F128: =E128*(1+C$599) -> 156.49798 | G128: =D128*F128 -> 156.49798 | H128: Instalação Hidraúlica
B129: Será medido por unidade de torneira instalada (un). O item remunera o fornecimento e instalação de torneira para pia com bica móvel e arejador, para instalação em parede ou mesa, em latão fundido cromado de 3/4" ou 1/2"; inclusive materiais acessórios necessários à instalação e ligação à rede de água. | H129: 1 unidade - Cuba inox mesa central laboratório
A131: 080105 | B131: Torneira de boia para Caixa d'água Ø 32mm. | C131: UN | D131: 5 | E131: 188.31 | F131: =E131*(1+C$599) -> 234.70958 | G131: =D131*F131 -> 1173.5479 | H131: Reservatório superior
B132: Será medido por unidade de torneira instalada (un). O item remunera o fornecimento e a instalação da torneira de bóia, com diâmetro nominal de 1", inclusive material de vedação.
A134: 080200 | B134: Fornecimento e instalação de:
A135: 080207 | B135: Lavatório de louça, sem coluna completa para fixação direta. | C135: UN | D135: 6 | E135: 499.76 | F135: =E135*(1+C$599) -> 622.90086 | G135: =D135*F135 -> 3737.4052 | H135: Instalação Sanitária
B136: Será medido por unidade instalada (un). O item remunera o fornecimento e a instalação do lavatório constituído por: lavatório de louça sem coluna; torneira de mesa para lavatório acabamento em latão cromado de 1/2", sifão cromado de 1" x 1 1/2"; tubo de ligação cromado com canopla; válvula metálica de 1" para ligação ao sifão, um par de parafusos com bucha para fixação do lavatório, materiais acessórios necessários para sua instalação e ligação à rede de esgoto. | H136: Banheiro PNE Feminino Térreo – 1 unidade Banheiro PNE Masculino Térreo – 1 unidade Banheiro PNE Prof. Feminino Térreo – 1 unidade Banheiro PNE Prof. Masculino Térreo – 1 unidade Banheiro PNE Feminino Nível 1 – 1 unidade Banheiro PNE Masculino Nível 1 – 1 unidade Total: 1+1+1+1+1+1 = 6 unidades
...

Sheet CRONOGRAMA
A1: CRONOGRAMA FÍSICO-FINANCEIRO
B2: ESCOLA ESTADUAL / MUNICIPAL: ESCOLA MUNICIPAL BRENDA GUIMARÃES DE PAULA | I2: SRE: Manhuaçu
B3: MUNICÍPIO / DISTRITO: Distrito Prata - Lajinha/MG | I3: ENDEREÇO: Av. Nilo Hubner de Medeiros, s/n, Distrito Prata - Lajinha/MG
B4: SERVIÇOS: CONSTRUÇÃO
A5: ITEM | B5: DESCRIÇÃO | C5: TOTAL GERAL (C/ BDI) | D5: % INC. | E5: 1º MÊS | G5: 2º MÊS | I5: 3º MÊS | K5: 4º MÊS | M5: 5º MÊS | O5: 6º MÊS | Q5: 7º MÊS | S5: 8º MÊS | U5: 9º MÊS | W5: 10º MÊS | Y5: 11º MÊS | AA5: 12º MÊS | AC5: TOTAL
E6: % | F6: VALOR | G6: % | H6: VALOR | I6: % | J6: VALOR | K6: % | L6: VALOR | M6: % | N6: VALOR | O6: % | P6: VALOR | Q6: % | R6: VALOR | S6: % | T6: VALOR | U6: % | V6: VALOR | W6: % | X6: VALOR | Y6: % | Z6: VALOR | AA6: % | AB6: VALOR
A7: 1 | B7: =[1]PLANILHA!B6 -> INSTALAÇÃO DOS SERVIÇOS DE ENGENHARIA | C7: =PLANILHA!G13 -> 13917.636 | D7: =C7/C30 -> 0.0026727503 | E7: 0.7 | F7: =C7*E7 -> 9742.3455 | G7: 0.3 | H7: =C7*G7 -> 4175.2909 | AC7: =F7+H7+J7 -> 13917.636
A8: 3 | B8: =[1]PLANILHA!B176 -> TRABALHOS EM TERRA | C8: =PLANILHA!G27 -> 20297.882 | D8: =C8/C30 -> 0.0038980159 | E8: 0.8 | F8: =C8*E8 -> 16238.305 | G8: 0.2 | H8: =C8*G8 -> 4059.5763 | AC8: =F8+H8 -> 20297.882
A9: 4 | B9: =[1]PLANILHA!B204 -> SONDAGEM, FUNDAÇÕES, MUROS E CONTENÇÕES | C9: =PLANILHA!G62 -> 623198.6 | D9: =C9/C30 -> 0.11967939 | E9: 0.3 | F9: =C9*E9 -> 186959.58 | G9: 0.3 | H9: =C9*G9 -> 186959.58 | I9: 0.2 | J9: =C9*I9 -> 124639.72 | K9: 0.2 | L9: =C9*K9 -> 124639.72 | AC9: =F9+H9+J9+L9 -> 623198.6
A10: 5 | B10: =[1]PLANILHA!B268 -> SUPERESTRUTURA | C10: =PLANILHA!G85 -> 2197228.9 | D10: =C10/C30 -> 0.42195699 | E10: 0.1 | F10: =C10*E10 -> 219722.89 | G10: 0.2 | H10: =C10*G10 -> 439445.77 | I10: 0.1 | J10: =C10*I10 -> 219722.89 | K10: 0.15 | L10: =C10*K10 -> 329584.33 | M10: 0.2 | N10: =C10*M10 -> 439445.77 | O10: 0.14 | P10: =O10*C10 -> 307612.04 | Q10: 0.11 | R10: =Q10*C10 -> 241695.17 | AC10: =F10+H10+J10+L10+N10+AB10+P10+R10 -> 2197228.9
A11: 6 | B11: =[1]PLANILHA!B305 -> ALVENARIA | C11: =PLANILHA!G93 -> 146665.6 | D11: =C11/C30 -> 0.028165739 | I11: 0.2 | J11: =C11*I11 -> 29333.12 | K11: 0.21 | L11: =C11*K11 -> 30799.776 | M11: 0.19 | N11: =C11*M11 -> 27866.464 | O11: 0.23 | P11: =O11*C11 -> 33733.088 | Q11: 0.17 | R11: =Q11*C11 -> 24933.152 | AC11: =J11+L11+N11+AB11+P11+R11 -> 146665.6
A12: 7 | B12: =[1]PLANILHA!B334 -> COBERTURA E FORRO | C12: =PLANILHA!G119 -> 725219.23 | D12: =C12/C30 -> 0.13927149 | Q12: 0.15 | R12: =Q12*C12 -> 108782.88 | S12: 0.29 | T12: =S12*C12 -> 210313.58 | U12: 0.31 | V12: =U12*C12 -> 224817.96 | W12: 0.25 | X12: =W12*C12 -> 181304.81 | AC12: =R12+T12+V12+X12 -> 725219.23
A13: 8 | B13: =[1]PLANILHA!B473 -> INSTALAÇÕES HIDRÁULICAS | C13: =PLANILHA!G208 -> 56760.334 | D13: =C13/C30 -> 0.010900285 | E13: 0.1 | F13: =C13*E13 -> 5676.0334 | I13: 0.05 | J13: =C13*I13 -> 2838.0167 | K13: 0.06 | L13: =C13*K13 -> 3405.62 | O13: 0.19 | P13: =O13*C13 -> 10784.463 | Q13: 0.18 | R13: =Q13*C13 -> 10216.86 | S13: 0.22 | T13: =S13*C13 -> 12487.273 | U13: 0.09 | V13: =U13*C13 -> 5108.4301 | W13: 0.11 | X13: =W13*C13 -> 6243.6367 | AC13: =F13+J13+L13+AB13+P13+R13+T13+V13+X13 -> 56760.334
A14: 9 | B14: =[1]PLANILHA!B645 -> INSTALAÇÕES SANITÁRIAS | C14: =PLANILHA!G254 -> 77701.096 | D14: =C14/C30 -> 0.01492176 | E14: 0.15 | F14: =C14*E14 -> 11655.164 | G14: 0.15 | H14: =C14*G14 -> 11655.164 | Y14: 0.3 | Z14: =Y14*C14 -> 23310.329 | AA14: 0.4 | AB14: =C14*AA14 -> 31080.439 | AC14: =F14+H14+Z14+AB14 -> 77701.096
A15: 10 | B15: =[1]PLANILHA!B707 -> INSTALAÇÃO ELÉTRICA | C15: =PLANILHA!G337 -> 104103.91 | D15: =C15/C30 -> 0.019992171 | O15: 0.1 | P15: =O15*C15 -> 10410.391 | Q15: 0.1 | R15: =Q15*C15 -> 10410.391 | W15: 0.2 | X15: =W15*C15 -> 20820.782 | Y15: 0.3 | Z15: =Y15*C15 -> 31231.174 | AA15: 0.3 | AB15: =C15*AA15 -> 31231.174 | AC15: =P15+R15+X15+Z15+AB15 -> 104103.91
A16: 11 | B16: =[1]PLANILHA!B979 -> ESQUADRIAS DE MADEIRA | C16: =PLANILHA!G354 -> 120924.54 | D16: =C16/C30 -> 0.023222414 | W16: 0.3 | X16: =W16*C16 -> 36277.363 | Y16: 0.3 | Z16: =Y16*C16 -> 36277.363 | AA16: 0.4 | AB16: =C16*AA16 -> 48369.818 | AC16: =X16+Z16+AB16 -> 120924.54
A17: 12 | B17: =[1]PLANILHA!B1046 -> ESQUADRIAS METÁLICAS | C17: =PLANILHA!G370 -> 122585.01 | D17: =C17/C30 -> 0.02354129 | W17: 0.3 | X17: =W17*C17 -> 36775.502 | Y17: 0.3 | Z17: =Y17*C17 -> 36775.502 | AA17: 0.4 | AB17: =C17*AA17 -> 49034.003 | AC17: =X17+Z17+AB17 -> 122585.01
A18: 13 | B18: =[1]PLANILHA!B1086 -> FERRAGENS | C18: =PLANILHA!G382 -> 21205.713 | D18: =C18/C30 -> 0.0040723564 | AA18: 1 | AB18: =C18*AA18 -> 21205.713 | AC18: =F18+H18+J18+L18+N18+AB18 -> 21205.713
A19: 14 | B19: =[1]PLANILHA!B1128 -> REVESTIMENTO | C19: =PLANILHA!G397 -> 253463.49 | D19: =C19/C30 -> 0.048675262 | I19: 0.05 | J19: =C19*I19 -> 12673.174 | K19: 0.1 | L19: =C19*K19 -> 25346.349 | M19: 0.19 | N19: =C19*M19 -> 48158.062 | O19: 0.16 | P19: =O19*C19 -> 40554.158 | Q19: 0.13 | R19: =Q19*C19 -> 32950.253 | S19: 0.17 | T19: =S19*C19 -> 43088.793 | U19: 0.09 | V19: =U19*C19 -> 22811.714 | W19: 0.11 | X19: =W19*C19 -> 27880.984 | AC19: =J19+L19+N19+P19+R19+T19+V19+X19 -> 253463.49
A20: 15 | B20: =[1]PLANILHA!B1164 -> PISOS E RODAPÉS | C20: =PLANILHA!G425 -> 356403.57 | D20: =C20/C30 -> 0.068443931 | I20: 0.2 | J20: =C20*I20 -> 71280.714 | S20: 0.2 | T20: =S20*C20 -> 71280.714 | U20: 0.2 | V20: =U20*C20 -> 71280.714 | W20: 0.2 | X20: =W20*C20 -> 71280.714 | Y20: 0.2 | Z20: =Y20*C20 -> 71280.714 | AC20: =J20+T20+V20+X20+Z20 -> 356403.57
A21: 16 | B21: =[1]PLANILHA!B1265 -> VIDROS | C21: =PLANILHA!G433 -> 12110.773 | D21: =C21/C30 -> 0.0023257593 | AA21: 1 | AB21: =C21*AA21 -> 12110.773 | AC21: =F21+H21+J21+L21+N21+AB21 -> 12110.773
A22: 17 | B22: =[1]PLANILHA!B1282 -> PINTURA | C22: =PLANILHA!G451 -> 169445.27 | D22: =C22/C30 -> 0.03254036 | S22: 0.2 | T22: =S22*C22 -> 33889.054 | U22: 0.2 | V22: =U22*C22 -> 33889.054 | W22: 0.3 | X22: =W22*C22 -> 50833.581 | Y22: 0.2 | Z22: =Y22*C22 -> 33889.054 | AA22: 0.1 | AB22: =C22*AA22 -> 16944.527 | AC22: =X22+Z22+AB22+V22+T22 -> 169445.27
A23: 18 | B23: =[1]PLANILHA!B1330 -> BANCADAS, PRATELEIRAS E DIVISÓRIAS | C23: =PLANILHA!G470 -> 48840.711 | D23: =C23/C30 -> 0.0093793961 | W23: 0.4 | X23: =W23*C23 -> 19536.284 | Y23: 0.4 | Z23: =Y23*C23 -> 19536.284 | AA23: 0.2 | AB23: =C23*AA23 -> 9768.1422 | AC23: =X23+Z23+AB23 -> 48840.711
A24: 19 | B24: =[1]PLANILHA!B1378 -> DIVERSOS | C24: =PLANILHA!G477 -> 4061.4692 | D24: =C24/C30 -> 0.0007799667 | W24: 1 | X24: =W24*C24 -> 4061.4692 | AC24: =X24 -> 4061.4692
A25: 23 | B25: =[1]PLANILHA!B1541 -> LIMPEZA | C25: =PLANILHA!G483 -> 18899.281 | D25: =C25/C30 -> 0.0036294279 | AA25: 1 | AB25: =C25*AA25 -> 18899.281 | AC25: =F25+H25+J25+L25+N25+AB25 -> 18899.281
A26: 24 | B26: =[1]PLANILHA!B1559 -> LEVANTAMENTOS, E PROJETOS | C26: =PLANILHA!G500 -> 31695.615 | D26: =C26/C30 -> 0.0060868427 | E26: 1 | F26: =C26*E26 -> 31695.615 | AC26: =F26+H26+J26+L26+N26+AB26 -> 31695.615
A27: 25 | B27: =[1]PLANILHA!B1626 -> DETECÇÃO, COMBATE E PREVENÇÃO A INCÊNDIO | C27: =PLANILHA!G570 -> 64548.233 | D27: =C27/C30 -> 0.012395877 | S27: 0.2 | T27: =S27*C27 -> 12909.647 | U27: 0.2 | V27: =U27*C27 -> 12909.647 | W27: 0.2 | X27: =W27*C27 -> 12909.647 | Y27: 0.3 | Z27: =Y27*C27 -> 19364.47 | AA27: 0.1 | AB27: =C27*AA27 -> 6454.8233 | AC27: =T27+V27+X27+Z27+AB27 -> 64548.233
A28: 26 | B28: OUTROS (SPDA - SITEMA DE PROTEÇÃO CONTRA DESCARGAS ATMOSFÉRICAS) | C28: =PLANILHA!G596 -> 17957.296 | D28: =C28/C30 -> 0.0034485287 | S28: 0.3 | T28: =S28*C28 -> 5387.1888 | U28: 0.3 | V28: =U28*C28 -> 5387.1888 | W28: 0.2 | X28: =W28*C28 -> 3591.4592 | Y28: 0.2 | Z28: =Y28*C28 -> 3591.4592 | AC28: =T28+V28+X28+Z28 -> 17957.296
A29: TOTAL MENSAL | E29: =F29/C30 -> 0.092503989 | F29: =SUM(F7:F28) -> 481689.93 | G29: =H29/C30 -> 0.12411491 | H29: =SUM(H7:H26) -> 646295.38 | I29: =J29/C30 -> 0.088432289 | J29: =SUM(J7:J26) -> 460487.63 | K29: =L29/C30 -> 0.098665776 | L29: =SUM(L7:L26) -> 513775.79 | M29: =N29/C30 -> 0.098991189 | N29: =SUM(N7:N26) -> 515470.3 | O29: =P29/C30 -> 0.077410412 | P29: =P19+P15+P13+P11+P10 -> 403094.14 | Q29: =R29/C30 -> 0.08238322 | R29: =R19+R15+R13+R12+R11+R10 -> 428988.72 | S29: =T29/C30 -> 0.07477218 | T29: =T22+T20+T19+T13+T12+T27+T28 -> 389356.25 | U29: =V29/C30 -> 0.072246552 | V29: =V22+V20+V19+V13+V12+V27+V28 -> 376204.71 | W29: =X29/C30 -> 0.090550227 | X29: =X24+X23+X22+X20+X19+X17+X16+X15+X13+X12+X27+X28 -> 471516.23 | Y29: =Z29/C30 -> 0.052860375 | Z29: =Z28+Z27+Z23+Z22+Z20+Z17+Z16+Z14+Z15 -> 275256.35 | AA29: =AB29/C30 -> 0.047068883 | AB29: =SUM(AB7:AB26)+AB27 -> 245098.69 | AC29: =SUM(AC7:AC28) -> 5207234.1
A30: TOTAL ACUMULADO | C30: =SUM(C7:C28) -> 5207234.1 | D30: =SUM(D7:D29) -> 1 | E30: =F30/C30 -> 0.092503989 | F30: =F29 -> 481689.93 | G30: =H30/C30 -> 0.2166189 | H30: =F30+H29 -> 1127985.3 | I30: =J30/C30 -> 0.30505119 | J30: =H30+J29 -> 1588472.9 | K30: =L30/C30 -> 0.40371696 | L30: =J30+L29 -> 2102248.7 | M30: =N30/C30 -> 0.50270815 | N30: =L30+N29 -> 2617719 | O30: =P30/C30 -> 0.58011856 | P30: =N30+P29 -> 3020813.2 | Q30: =R30/C30 -> 0.66250178 | R30: =P30+R29 -> 3449801.9 | S30: =T30/C30 -> 0.73727396 | T30: =R30+T29 -> 3839158.1 | U30: =V30/C30 -> 0.80952051 | V30: =V29+T30 -> 4215362.8 | W30: =X30/C30 -> 0.90007074 | X30: =X29+V30 -> 4686879.1 | Y30: =Z30/C30 -> 0.95293112 | Z30: =Z29+X30 -> 4962135.4 | AA30: =AB30/C30 -> 1 | AB30: =AB29+Z30 -> 5207234.1 | AC30: =AC29 -> 5207234.1
A31: LOCAL / DATA: LAJINHA - MG, 20 de maio de 2024
A32: RESPONSÁVEL TÉCNICO: Lucas Henrique da Silva Paiva - CREA MG 226.732/D
A33: REPRESENTANTE LEGAL: João Rosendo Ambrósio de Medeiros - Prefeito Municipal

Sheet PLANO DE APLICAÇÃO 
A1: ITEM | B1: MACROETAPA | C1: VALOR | D1: DURAÇÃO EM DIAS | E1: DESEMBOLSO DA ATIVIDADE
A3: 1 | B3: ='[2]CRONOGRAMA - QUADRA - MODELO 1'!B7 -> INSTALAÇÃO DOS SERVIÇOS DE ENGENHARIA | C3: ='[2]PLANILHA QUADRA - MODELO 1'!G17 -> 0 | D3: 60 | E3: =PLANILHA!G13 -> 13917.636
A4: 3 | B4: ='[2]CRONOGRAMA - QUADRA - MODELO 1'!B8 -> TRABALHOS EM TERRA | C4: ='[2]PLANILHA QUADRA - MODELO 1'!G36 -> 0 | D4: 60 | E4: =PLANILHA!G27 -> 20297.882
A5: 4 | B5: ='[2]CRONOGRAMA - QUADRA - MODELO 1'!B9 -> SONDAGEM, FUNDAÇÕES, MUROS E CONTENÇÕES | C5: ='[2]PLANILHA QUADRA - MODELO 1'!G60 -> 0 | D5: 120 | E5: =PLANILHA!G62 -> 623198.6
A6: 5 | B6: ='[2]CRONOGRAMA - QUADRA - MODELO 1'!B10 -> SUPERESTRUTURA | C6: ='[2]PLANILHA QUADRA - MODELO 1'!G70 -> 0 | D6: 210 | E6: =PLANILHA!G85 -> 2197228.9
A7: 6 | B7: ='[2]CRONOGRAMA - QUADRA - MODELO 1'!B11 -> ALVENARIA | C7: ='[2]PLANILHA QUADRA - MODELO 1'!G77 -> 0 | D7: 150 | E7: =PLANILHA!G93 -> 146665.6
A8: 7 | B8: ='[2]CRONOGRAMA - QUADRA - MODELO 1'!B12 -> COBERTURA E FORRO | C8: ='[2]PLANILHA QUADRA - MODELO 1'!G92 -> 0 | D8: 120 | E8: =PLANILHA!G119 -> 725219.23
A9: 8 | B9: ='[2]CRONOGRAMA - QUADRA - MODELO 1'!B13 -> INSTALAÇÕES HIDRÁULICAS | C9: ='[2]PLANILHA QUADRA - MODELO 1'!G180 -> 0 | D9: 240 | E9: =PLANILHA!G208 -> 56760.334
A10: 9 | B10: ='[2]CRONOGRAMA - QUADRA - MODELO 1'!B14 -> INSTALAÇÕES SANITÁRIAS | C10: ='[2]PLANILHA QUADRA - MODELO 1'!G202 -> 0 | D10: 120 | E10: =PLANILHA!G254 -> 77701.096
A11: 10 | B11: ='[2]CRONOGRAMA - QUADRA - MODELO 1'!B15 -> INSTALAÇÃO ELÉTRICA | C11: ='[2]PLANILHA QUADRA - MODELO 1'!G296 -> 0 | D11: 150 | E11: =PLANILHA!G337 -> 104103.91
A12: 11 | B12: ESQUADRIAS DE MADEIRA | D12: 90 | E12: =PLANILHA!G354 -> 120924.54
A13: 12 | B13: ='[2]CRONOGRAMA - QUADRA - MODELO 1'!B16 -> ESQUADRIAS METÁLICAS | C13: ='[2]PLANILHA QUADRA - MODELO 1'!G306 -> 0 | D13: 90 | E13: =PLANILHA!G370 -> 122585.01
A14: 13 | B14: ='[2]CRONOGRAMA - QUADRA - MODELO 1'!B17 -> FERRAGENS | C14: ='[2]PLANILHA QUADRA - MODELO 1'!G324 -> 0 | D14: 30 | E14: =PLANILHA!G382 -> 21205.713
A15: 14 | B15: ='[2]CRONOGRAMA - QUADRA - MODELO 1'!B18 -> REVESTIMENTO | C15: ='[2]PLANILHA QUADRA - MODELO 1'!G341 -> 0 | D15: 240 | E15: =PLANILHA!G397 -> 253463.49
A16: 15 | B16: ='[2]CRONOGRAMA - QUADRA - MODELO 1'!B19 -> PISOS E RODAPÉS | C16: ='[2]PLANILHA QUADRA - MODELO 1'!G360 -> 0 | D16: 150 | E16: =PLANILHA!G425 -> 356403.57
A17: 16 | B17: VIDROS | D17: 30 | E17: =PLANILHA!G433 -> 12110.773
A18: 17 | B18: ='[2]CRONOGRAMA - QUADRA - MODELO 1'!B20 -> PINTURA | C18: ='[2]PLANILHA QUADRA - MODELO 1'!G371 -> 0 | D18: 150 | E18: =PLANILHA!G451 -> 169445.27
A19: 18 | B19: ='[2]CRONOGRAMA - QUADRA - MODELO 1'!B21 -> BANCADAS, PRATELEIRAS E DIVISÓRIAS | C19: ='[2]PLANILHA QUADRA - MODELO 1'!G389 -> 0 | D19: 90 | E19: =PLANILHA!G470 -> 48840.711
A20: 19 | B20: DIVERSOS | D20: 30 | E20: =PLANILHA!G477 -> 4061.4692
A21: 23 | B21: ='[2]CRONOGRAMA - QUADRA - MODELO 1'!B23 -> LIMPEZA | C21: ='[2]PLANILHA QUADRA - MODELO 1'!G441 -> 0 | D21: 30 | E21: =PLANILHA!G483 -> 18899.281
A22: 24 | B22: LEVANTAMENTOS, E PROJETOS | C22: ='[2]PLANILHA QUADRA - MODELO 1'!G466 -> 0 | D22: 30 | E22: =PLANILHA!G500 -> 31695.615
A23: 25 | B23: DETECÇÃO, COMBATE E PREVENÇÃO A INCÊNDIO | D23: 150 | E23: =PLANILHA!G570 -> 64548.233
A24: 26 | B24: OUTROS (SPDA - SISTEMA DE PROTEÇÃO CONTRA DESCARGAS ATMOSFÉRICAS) | C24: ='[2]PLANILHA QUADRA - MODELO 1'!G470 -> 20809.579 | D24: 120 | E24: =PLANILHA!G596 -> 17957.296
A26: TOTAL ACUMULADO | C26: =SUM(C3:C24) -> 20809.579 | E26: =SUM(E3:E24) -> 5207234.1
